cohdb
Replays
Latest Replays
All Replays
Popular Replays
Top Player Replays
Match Explorer
How It Works
Community
CoH3 Stats
Reddit
Sign in to upload your games and track your stats! →
Sign in with Steam
Match 41483288
Unlisted
Match 41483288
Overview
Messages
Build Orders
End
Panzergrenadier Squad
Panzergrenadier Squad
250 Light Carrier
Construct Light Support Kompanie
Fire Support Elements
Assault Grenadier Squad
Flakvierling Half-track
Combat Half-tracks
Vehicle Survival Package
Panzerjäger Mechanized Group
Selects Panzerjäger Kommand Battlegroup
Selects Mine Fields
Selects Defensive Positions
MG34 Team
Assault Grenadier Squad
Construct Panzerarmee Kommand
Selects Butterfly Bomb Drop
Butterfly Bomb Drop
Walking Stuka Rocket Launcher
Panzer III L Medium Tank
Selects Tank Busters
Selects Crew Shock Tactics
Emergency Repair Kits
Panzer III L Medium Tank
Panzer III L Medium Tank
Selects Anti-tank Overwatch
Anti-tank Overwatch
Anti-tank Overwatch
Butterfly Bomb Drop
Panzer III L Medium Tank
カルト_くん
SturmTigerGiap
Artistóteles
Miles '+'
0
0
Comments
sign in to comment!
No comments posted yet!